 Dungeon Crawl Stone Soup version 0.20.1-1-g8b1a95d (webtiles) character file.

202 Folque the Poker (level 5, -2/45 HPs)
             Began as a Centaur Abyssal Knight on Nov 20, 2017.
             Was a Believer of Lugonu.
             Killed from afar by an orc wizard (9 damage)
             ... with a puff of frost
             ... on level 4 of the Dungeon.
             The game lasted 00:11:14 (2534 turns).

Folque the Poker (Centaur Abyssal Knight)           Turns: 2534, Time: 00:11:17

Health: -2/45      AC:  4    Str: 12 (15) XL:     5   Next: 50%
Magic:  5/7        EV:  9    Int: 11 (12) God:    Lugonu [**....]
Gold:   189        SH:  0    Dex:  5 (8)  Spells: 4/4 levels left

rFire    . . .     SeeInvis .   g - +2 trident (pain)
rCold    . . .     Gourm    .   (no shield)
rNeg     . . .     Faith    .   b - +0 leather armour
rPois    .         Spirit   .   (no helmet)
rElec    .         Reflect  .   (no cloak)
rCorr    .         Harm     .   (no gloves)
MR       .....                  (no barding)
Stlth    ..........             (no amulet)
Regen    0.2/turn               (no ring)
MPRegen  0.1/turn               (no ring)

@: very quick
A: hooves 3, deformed body, speed 2, tough skin 3
a: Depart the Abyss, Bend Space, Renounce Religion


You were on level 4 of the Dungeon.
You worshipped Lugonu.
Lugonu was pleased with you.
You were not hungry.

You visited 1 branch of the dungeon, and saw 4 of its levels.
You visited the Abyss 1 time.

You collected 189 gold pieces.

Inventory:

Hand Weapons
 a - a +1 spear
 g - a +2 trident of pain (weapon)
Armour
 b - a +0 leather armour (worn)
Jewellery
 d - a cursed -3 ring of dexterity {unknown}
Wands
 q - a wand of iceblast (3/15)
Scrolls
 i - a scroll of teleportation {unknown}
 j - 4 scrolls of identify
 s - a scroll of enchant armour {unknown}
 v - 2 scrolls of random uselessness {unknown}
 w - a scroll of fog {unknown}
Potions
 e - 2 potions of berserk rage {unknown}
 f - 2 potions of degeneration
 h - a potion of flight {unknown}
 l - 3 potions of heal wounds {unknown}
 m - a potion of might {unknown}
 n - 3 potions of magic {unknown}
 o - 6 potions of curing {unknown}
 r - 2 potions of agility {unknown}
 x - a potion of ambrosia {unknown}
 z - a potion of haste {unknown}
Comestibles
 c - 7 bread rations
 k - 2 royal jellies
 p - 3 meat rations
 t - a chunk of flesh
 u - 7 fruits


   Skills:
 - Level 3.0 Fighting
 * Level 4.4 Polearms
 - Level 1.3 Armour
 - Level 0.6 Dodging
 + Level 3.9 Invocations


You had 4 spell levels left.
You didn't know any spells.

Dungeon Overview and Level Annotations

Branches:
Dungeon (4/15)
 Temple: D:4-7

Altars:
Ashenzari
Fedhas


Innate Abilities, Weirdness & Mutations

You have hooves in place of feet.
Armour fits poorly on your strangely shaped body.
You cover ground very quickly.
You have extremely tough skin. (AC +3)


Message History

The ogre barely misses you.
An orc wizard comes into view. It is wielding a dagger.
The orc wizard shouts!
Found a mace and a scroll labeled CIZOUR XASERUESICK.
Found a stone staircase leading down.
Attack whom?
Press: ? - help, Dir - move target cursor, f/p - ogre
Aim: an ogre, wielding a giant club (severely wounded)
You reach to attack!
You puncture the ogre!
You kill the ogre!
Lugonu accepts your kill.
Your Polearms skill increases to level 4!
You have reached level 5!
It was a potion of degeneration.
There was something very wrong with that liquid.
You feel weakened.
You feel dopey.
You feel clumsy. The centaur skeleton barely misses you.
The orc wizard gestures at you while chanting.
The puff of frost hits you!
You die...

>.
#...[.....###
#[##
#........#
#...#
#####....#
#..###
#.....#
#.ยง.#
#.....# ###.#
#.....#
#)###.#####
#Z.#..#
#@...##
>........###
)..........
........##.?#
....##..# #o#
.##. ..## o.#
# .## a.. #.
..


You could see a worker ant (wandering), an orc wizard, an orc and a centaur
skeleton.

Vanquished Creatures
  An ogre (D:4)
  A worker ant (D:3)
  A gnoll (D:1)
  An adder (D:2)
  A worm (D:2)
  2 dart slugs
  5 leopard geckos
  A ball python (D:2)
  A giant cockroach (D:3)
  9 hobgoblins
  3 jackals (D:2)
  2 quokkas (D:2)
  7 bats
  3 frilled lizards
  8 goblins
  10 kobolds
  11 rats
67 creatures vanquished.

Notes
Turn   | Place    | Note
-------+----------+-------------------------------------------
     0 | Abyss:1  | Folque the Centaur Abyssal Knight began the quest for the Orb.
     0 | Abyss:1  | Reached XP level 1. HP: 19/19 MP: 2/2
   112 | Abyss:2  | Noticed a raiju
   113 | Abyss:2  | Noticed a starcursed mass
   150 | Abyss:2  | Noticed a quasit
   151 | Abyss:2  | Noticed an ancient lich
   153 | Abyss:2  | Noticed a small abomination
   157 | D:1      | Escaped the Abyss
   191 | D:1      | Reached skill level 2 in Polearms
   218 | D:1      | Reached * piety under Lugonu
   253 | D:1      | Reached XP level 2. HP: 25/26 MP: 3/3
   379 | D:1      | Reached XP level 3. HP: 13/31 MP: 4/4
   772 | D:1      | Reached skill level 3 in Polearms
  1127 | D:2      | Reached ** piety under Lugonu
  1291 | D:2      | Reached XP level 4. HP: 21/38 MP: 6/6
  1601 | D:2      | Found a blossoming altar of Fedhas.
  2080 | D:3      | Found a shattered altar of Ashenzari.
  2376 | D:4      | Noticed an ogre
  2533 | D:4      | Killed an ogre
  2533 | D:4      | Reached skill level 4 in Polearms
  2533 | D:4      | Reached XP level 5. HP: 7/45 MP: 5/7
  2534 | D:4      | Killed from afar by an orc wizard

Skill      XL: |  1  2  3  4 |
---------------+-------------+-----
Polearms       | 2 3 4 |  4.4
Invocations    | 3 |  3.9
Fighting       | |  3.0
Armour         | |  1.3
Dodging        | |  0.6

Action                   |  1- 3 |  4- 6 || total
-------------------------+-------+-------++-------
Melee: Spear             |   119 |       ||   119
       Kick              |     8 |     7 ||    15
       Trident           |    22 |    60 ||    82
Invok: Depart the Abyss  |     1 |       ||     1
       Bend Space        |       |     3 ||     3
  Use: Scroll            |     3 |       ||     3
       Potion            |       |     1 ||     1
  Eat: Chunk             |       |     4 ||     4
Armor: Leather armour    |    32 |     6 ||    38
Dodge: Dodged            |    55 |    15 ||    70
